 Dungeon Crawl Stone Soup version 0.30-a0-1160-g6e42c06551 (webtiles) character file.

Game seed: 11579346126344545682

4 jimonade the Charlatan (level 1, 0/16 HPs)
             Began as a Ghoul Artificer on Apr 25, 2023.
             Slain by a frilled lizard (3 damage)
             ... on level 1 of the Dungeon.
             The game lasted 00:01:04 (75 turns).

jimonade the Charlatan (Ghoul Artificer)              Turns: 75, Time: 00:01:04

Health: 0/16       AC:  3    Str: 15    XL:     1   Next: 60%
Magic:  0/0        EV: 11    Int:  6    God:
Gold:   9          SH:  0    Dex:  9    Spells: 0/0 levels left

rFire   . . .        a - +0 club
rCold   + . .        (no shield)
rNeg    + + +        b - +0 leather armour
rPois   ∞            (no helmet)
rElec   .            (no cloak)
rCorr   .            (no gloves)
SInv    .            (no boots)
Will    .....        (no amulet)
Stlth   +            (no ring)
HPRegen 0.00/turn    (no ring)
MPRegen 0.07/turn

%: no passive effects
@: inhibited regen
A: claws 1, cold resistance 1, negative energy resistance 3, inhibited
regeneration, torment resistance 2, devour on kill
a: no special abilities


You were on level 1 of the Dungeon.
You visited 1 branch of the dungeon, and saw 1 of its levels.

You collected 9 gold pieces.

Inventory:

Hand Weapons
 a - a +0 club (weapon)
Armour
 b - a +0 leather armour (worn)
Wands
 c - a wand of flame (15) (quivered)
 d - a wand of charming (15)
 e - a wand of iceblast (5)
Scrolls
 f - a scroll of immolation {unknown}


   Skills:
 + Level 1.1 Fighting
 + Level 0.3 Maces & Flails
 + Level 1.7 Armour
 + Level 0.8 Dodging
 + Level 1.1 Stealth
 + Level 2.9 Evocations


You couldn't memorise any spells.
You didn't know any spells.
Your spell library was empty.

Dungeon Overview and Level Annotations

Branches:
Dungeon (1/15)

Altars:


Innate Abilities, Weirdness & Mutations

You are immune to poison.
You have sharp fingernails.
Your flesh is cold resistant. (rC+)
You are immune to negative energy. (rN+++)
You do not regenerate when monsters are visible.
You are immune to unholy pain and torment.
You thrive by killing the living.


Message History

You closely miss the bat. The bat hits you but does no damage. x2
You hit the hobgoblin but do no damage. The hobgoblin hits you.
You hit the hobgoblin.
You kill the hobgoblin!
You feel better. The bat hits you. The bat closely misses you.
You see here a quokka corpse.
The bat misses you.
A frilled lizard comes into view.
The frilled lizard hisses angrily.
The bat hits you but does no damage.
You see here a quokka corpse.
You hit the bat but do no damage. The bat barely misses you.
The bat hits you but does no damage.
A bat comes into view.
You miss the bat. The bat hits you but does no damage.
The frilled lizard bites you.
The frilled lizard attacks as you move away!
The frilled lizard bites you. The bat closely misses you. The bat hits you.
* * * LOW HITPOINT WARNING * * *
You see here a quokka corpse.
The bat hits you but does no damage.
You are too injured to fight recklessly!
You closely miss the bat. The bat misses you.
The bat hits you but does no damage. The bat barely misses you.
You hit the bat.
The bat is severely wounded.
The bat barely misses you. The bat closely misses you. x2
You barely miss the bat.
The bat is severely wounded.
The bat hits you but does no damage. The bat completely misses you.
The bat hits you.
* * * LOW HITPOINT WARNING * * *
You miss the bat. The bat hits you but does no damage.
The bat completely misses you.
You hit the bat but do no damage. Your claw misses the bat.
The bat hits you but does no damage. x2
You closely miss the frilled lizard. The bat closely misses you.
The frilled lizard misses you. The frilled lizard bites you.
You die...

.. #.....##...
..##.<.....#....# ..
...#.....##.....#... ##
....##.###.......... .
#...........##..##.# .####
#...........##..##.##.....
......####..............P.
......#...#..#.b##..#..♣~~
.##...#.....##..@lb...P~~~
#.#..#..#.#...##.....~~~
#.............##.....~~≈
........##.##...##.....~~≈
###.###.##.#######.....~.~
#. #.##.. ......P~≈ #.
#.##### #####P~~. # #.#
#~.~ .# .P~


You could see 2 bats and a frilled lizard.

Vanquished Creatures
  2 hobgoblins (D:1)
  A quokka (D:1)
3 creatures vanquished.

Notes
Turn   | Place    | Note
-------+----------+-------------------------------------------
     0 | D:1      | jimonade the Ghoul Artificer began the quest for the Orb.
     0 | D:1      | Reached XP level 1. HP: 16/16 MP: 0/0
    75 | D:1      | Slain by a frilled lizard

Illustrated notes

Levels and vault maps discovered:
D:1:      erik_arrival_blinker_ship, layout_loops_ring, serial_bayou,
          serial_bayou_lake_a, serial_bayou_pond_b, serial_bayou_pond_a,
          serial_bayou_shore_b, minmay_indecisive_spiral

Action                     || total
---------------------------++-------
  Melee: Club              ||    24
 Armour: Leather armour    ||    16
  Dodge: Dodged            ||    22

Table legend: (Time is in decaauts)
 A = Elapsed time spent in this place.
 B = Non-inter-level travel time spent in this place.
 C = Inter-level travel time spent in this place.
 D = Time resting spent in this place.
 E = Time spent auto-exploring this place.
 F = Levels seen in this place.
 G = Mean time per level.
                   A        B        C        D        E       F      G
               +--------+--------+--------+--------+--------+-----+--------+
         Total |     81 |     81 |      0 |      0 |     30 |   1 |   81.0 |
       Dungeon |     81 |     81 |      0 |      0 |     30 |   1 |   81.0 |
               +--------+--------+--------+--------+--------+-----+--------+

Top non-repeatable levels by time:
     D:1: 81 daAuts
